 Dungeon Crawl Stone Soup version 0.23.1-41-g7e51ed3 (webtiles) character file.

Game seed: 1742775659696909440

868 Borgoz the Cutter (level 8, -10/48 HPs)
             Began as a Gargoyle Gladiator on Mar 30, 2019.
             Killed by divine providence
             ... invoked by an orc priest
              (12 damage)
             ... on level 3 of the Dungeon.
             The game lasted 00:03:21 (1665 turns).

Borgoz the Cutter (Gargoyle Gladiator)              Turns: 1665, Time: 00:03:22

Health: -10/48     AC: 11    Str: 17    XL:     8   Next: 3%
Magic:  8/8        EV: 14    Int: 10    God:
Gold:   77         SH:  0    Dex: 13    Spells: 7/7 levels left

rFire    + . .     SeeInvis .   a - +0 rapier
rCold    . . .     Gourm    .   (no shield)
rNeg     + . .     Faith    .   b - +0 leather armour
rPois    ∞         Spirit   .   c - +1 helmet
rElec    +         Reflect  .   (no cloak)
rCorr    .         Harm     .   (no gloves)
MR       .....                  (no boots)
Stlth    ++........             (no amulet)
HPRegen  0.16/turn              h - ring of protection from fire
MPRegen  0.11/turn              (no ring)

@: no status effects
A: negative energy resistance 1, electricity resistance, unbreathing,
petrification resistance, rot immunity, AC +5
a: no special abilities


You were on level 3 of the Dungeon.
You were hungry.

You visited 1 branch of the dungeon, and saw 3 of its levels.

You collected 77 gold pieces.

Inventory:

Hand Weapons
 a - a +0 rapier (weapon)
Missiles
 d - a throwing net (quivered)
Armour
 b - a +0 leather armour (worn)
 c - a +1 helmet (worn)
Jewellery
 h - a ring of protection from fire (left hand)
 j - an uncursed amulet of guardian spirit {unknown}
Scrolls
 e - a scroll of amnesia {unknown}
 g - a scroll of teleportation {unknown}
 l - 2 scrolls of enchant armour
 m - a scroll of identify {unknown}
 n - a scroll of immolation {unknown}
Comestibles
 f - 4 rations


   Skills:
 + Level 4.1 Fighting
 * Level 5.1 Short Blades
 - Level 1.7 Throwing
 + Level 3.4 Armour
 * Level 4.5 Dodging
 + Level 3.6 Stealth


You had 7 spell levels left.
You didn't know any spells.
Your spell library was empty.

Dungeon Overview and Level Annotations

Branches:
Dungeon (3/15)

Altars:
Cheibriados
Vehumet
Xom


Innate Abilities, Weirdness & Mutations

You are resistant to torment.
Your stone body is resilient. (AC +5)
You are immune to poison.
You resist negative energy. (rN+)
You are resistant to electric shocks. (rElec)
You can survive without breathing.
You are immune to petrification.
You are immune to rotting.


Message History

The two-headed ogre is almost dead.
The orc hits you but does no damage.
The orc priest looks satisfied for a moment.
The orc hits you but does no damage.
The two-headed ogre struggles against the net.
You hit the two-headed ogre.
You kill the two-headed ogre!
You feel your strength returning.
You feel your intelligence returning.
Your Fighting skill increases to level 4!
Your Short Blades skill gained 2 levels and is now at level 5!
Your Armour skill increases to level 3!
Your Dodging skill increases to level 4!
Your Stealth skill increases to level 3!
You have reached level 7!
You have reached level 8!
You feel clever. The orc closely misses you.
The orc priest invokes the aid of Beogh against you.
Beogh smites you!
You die...

.....
......######.....####
.....
..............[......
.........##....#...
.#.....%.##.#....##
.......†.##.#...##
##.......##...#..#
#.....).###......
.......o.# ## O.
##.....o@# ..%....oo#
#####..... ........
#........<
#..........
#...........
#.........$..


You could see an orc priest and 3 orcs.

Vanquished Creatures
  A two-headed ogre (D:3)
  Purgy (D:3)
  An orc wizard (D:3)
  3 adders
  3 worms
  3 dart slugs
  2 leopard geckos
  5 orcs (D:3)
  5 giant cockroaches
  3 hobgoblins
  4 kobolds
  2 quokkas (D:3)
  A ball python (D:3)
  7 bats
  3 frilled lizards
  9 goblins
  4 rats
57 creatures vanquished.

Notes
Turn   | Place    | Note
-------+----------+-------------------------------------------
     0 | D:1      | Borgoz the Gargoyle Gladiator began the quest for the Orb.
     0 | D:1      | Reached XP level 1. HP: 12/12 MP: 1/1
    34 | D:1      | Reached XP level 2. HP: 10/17 MP: 2/2
   178 | D:1      | Reached skill level 3 in Short Blades
   325 | D:1      | Reached XP level 3. HP: 20/22 MP: 3/3
   457 | D:1      | Reached skill level 1 in Stealth
   851 | D:2      | Found a snail-covered altar of Cheibriados.
  1083 | D:2      | Reached skill level 1 in Armour
  1160 | D:2      | Found a shimmering altar of Xom.
  1167 | D:2      | Found a radiant altar of Vehumet.
  1210 | D:2      | You fall through a shaft!
  1211 | D:3      | Reached XP level 4. HP: 27/27 MP: 4/4
  1334 | D:3      | HP: 1/27 [orc wizard/magic dart (5)]
  1341 | D:3      | Noticed Purgy
  1351 | D:3      | Reached XP level 5. HP: 11/32 MP: 5/5
  1370 | D:3      | HP: 1/32 [Purgy (1)]
  1402 | D:3      | Killed Purgy
  1628 | D:3      | Noticed a two-headed ogre
  1636 | D:3      | Reached XP level 6. HP: 37/37 MP: 6/6
  1662 | D:3      | HP: 1/37 [orc (2)]
  1665 | D:3      | Killed a two-headed ogre
  1665 | D:3      | Reached skill level 5 in Short Blades
  1665 | D:3      | Reached XP level 7. HP: 2/43 MP: 7/7
  1665 | D:3      | Reached XP level 8. HP: 2/48 MP: 8/8
  1665 | D:3      | Killed from afar by an orc priest

Skill      XL: |  1  2  3  4  5  6 |
---------------+-------------------+-----
Short Blades   | 3 5 |  5.1
Stealth        | 1 2 3 |  3.6
Armour         | 1 2 3 |  3.4
Dodging        | 3 4 |  4.5
Fighting       | 3 4 |  4.1
Throwing       | |  1.7

Action                   |  1- 3 |  4- 6 |  7- 9 || total
-------------------------+-------+-------+-------++-------
Melee: Rapier            |    95 |   128 |       ||   223
Throw: Throwing net      |       |     9 |       ||     9
  Use: Potion            |       |     4 |       ||     4
       Scroll            |       |     1 |       ||     1
 Stab: Distracted        |     1 |       |       ||     1
       Held in net/web   |       |     3 |       ||     3
  Eat: Chunk             |     1 |     1 |       ||     2
Armor: Leather armour    |    35 |    95 |       ||   130
Dodge: Dodged            |    66 |   145 |     1 ||   212
